Map: Bel'Shir Vestige LE (Void)

Players

MadDoc

  • Race: Protoss Protoss
  • League: Diamond
  • Spawn Location: 5:00

Buster - Winner!

  • Race: Protoss Protoss
  • Spawn Location: 11:00

VOD

Have the link to the VOD?

Description

Air Toss Tests

Time

  • Played on: April 15, 2017, 3:27 a.m.
  • Length: 11:51
Show
View Real Time Build Order
Export as new Build Order

MadDoc Protoss 

Build Orders: 1 Gate Expand, Phoenix Opening 

Get SALT Encoding   

  12  0:01  Probe (Chrono Boost)  
  13  0:11  Probe (Chrono Boost)  
  14  0:19  Pylon  
  14  0:24  Probe (Chrono Boost)  
  15  0:31  Assimilator  
  15  0:37  Probe (Chrono Boost)  
  16  0:45  Gateway  
  16  0:48  Probe (Chrono Boost)  
  17  0:54  Assimilator  
  17  0:59  Probe (Chrono Boost)  
  18  1:10  Probe (Chrono Boost)  
  19  1:20  Probe (Chrono Boost)  
  20  1:32  Cybernetics Core  
  20  1:42  Nexus  
  20  1:47  Probe (Chrono Boost)  
  22  2:01  Probe (Chrono Boost)  
  22  2:12  Stargate  
  22  2:13  Stargate  
  22  2:19  Pylon  
  22  2:22  Probe (Chrono Boost)  
  23  2:40  Assimilator  
  23  2:52  Probe (Chrono Boost)  
  23  2:56  Phoenix x2  
  28  3:01  Probe (Chrono Boost)  
  28  3:03  Probe (Chrono Boost)  
  30  3:12  Probe (Chrono Boost)  
  31  3:13  Probe (Chrono Boost)  
  31  3:15  Assimilator  
  32  3:22  Probe (Chrono Boost)  
  32  3:23  Phoenix  
  32  3:24  Probe (Chrono Boost)  
  36  3:32  Phoenix  
  38  3:35  Probe (Chrono Boost)  
  38  3:38  Probe (Chrono Boost)  
  40  3:44  Pylon  
  40  3:46  Probe (Chrono Boost)  
  41  3:53  Phoenix  
  43  4:01  Phoenix  
  45  4:09  Probe (Chrono Boost)  
  46  4:10  Probe (Chrono Boost)  
  47  4:17  Phoenix, Pylon  
  49  4:25  Probe x2 (Chrono Boost)  
  49  4:27  Phoenix  
  53  4:39  Phoenix  
  53  4:43  Probe (Chrono Boost)  
  56  4:47  Pylon  
  56  4:48  Probe (Chrono Boost)  
  56  4:49  Phoenix  
  61  5:00  Probe (Chrono Boost)  
  61  5:01  Probe (Chrono Boost)  
  61  5:06  Phoenix  
  61  5:07  Pylon  
  61  5:10  Phoenix  
  65  5:24  Probe x2 (Chrono Boost)  
  65  5:27  Protoss Air Weapons Level 1  
  67  5:29  Phoenix  
  69  5:37  Fleet Beacon  
  69  5:38  Phoenix  
  73  5:50  Probe (Chrono Boost)  
  73  5:51  Probe (Chrono Boost)  
  73  5:56  Phoenix  
  73  6:00  Phoenix  
  73  6:03  Probe (Chrono Boost)  
  78  6:14  Anion Pulse-Crystals  
  78  6:16  Pylon  
  78  6:18  Pylon  
  78  6:32  Phoenix  
  78  6:34  Phoenix  
  78  6:35  Probe (Chrono Boost)  
  78  6:36  Probe (Chrono Boost)  
  86  6:48  Probe x2 (Chrono Boost)  
  86  6:54  Stargate  
  86  6:57  Pylon  
  86  7:00  Probe (Chrono Boost)  
  87  7:05  Phoenix x2  
  87  7:07  Probe (Chrono Boost)  
  93  7:15  Pylon  
  93  7:16  Pylon, Nexus, Probe (Chrono Boost)  
  93  7:18  Pylon  
  93  7:23  Protoss Air Armor Level 1  
  93  7:28  Probe (Chrono Boost)  
  93  7:29  Probe (Chrono Boost)  
  95  7:33  Stargate  
  95  7:36  Phoenix  
  95  7:37  Phoenix  
  99  7:50  Phoenix  
  99  7:51  Probe (Chrono Boost)  
  102  7:53  Probe (Chrono Boost)  
  103  8:03  Probe (Chrono Boost)  
  104  8:08  Assimilator  
  104  8:10  Assimilator  
  105  8:13  Probe (Chrono Boost)  
  105  8:15  Probe (Chrono Boost)  
  106  8:21  Phoenix x2  
  106  8:25  Phoenix  
  106  8:26  Phoenix  
  114  8:41  Probe x2 (Chrono Boost)  
  117  8:42  Probe (Chrono Boost)  
  117  8:45  Phoenix  
  117  8:47  Phoenix  
  117  8:48  Phoenix  
  117  8:53  Probe (Chrono Boost)  
  124  9:01  Probe x2 (Chrono Boost), Stargate  
  126  9:16  Phoenix  
  129  9:17  Phoenix, Probe x2 (Chrono Boost)  
  129  9:18  Probe (Chrono Boost)  
  129  9:19  Nexus  
  129  9:21  Phoenix x2  
  133  9:28  Pylon  
  133  9:29  Probe x2 (Chrono Boost)  
  133  9:30  Pylon, Probe (Chrono Boost)  
  140  9:33  Pylon  
  140  9:35  Pylon  
  140  9:37  Assimilator  
  140  9:41  Probe (Chrono Boost), Assimilator  
  140  9:42  Phoenix  
  140  9:45  Phoenix  
  141  9:46  Phoenix x2  
  141  9:47  Probe x2 (Chrono Boost)  
  141  9:48  Phoenix  
  153  10:17  Nexus  
  153  10:19  Phoenix  
  153  10:20  Phoenix, Pylon  
  153  10:21  Assimilator  
  153  10:22  Phoenix  
  153  10:24  Assimilator  
  119  10:56  Phoenix x3  
  97  10:59  Phoenix  
  97  11:00  Phoenix  
  85  11:18  Phoenix  
  85  11:19  Phoenix  
  85  11:22  Phoenix  
  85  11:24  Phoenix  
  85  11:25  Phoenix  
Show
View Real Time Build Order
Export as new Build Order

Buster Protoss - Winner!

Build Orders: Nexus First, Phoenix Opening 

Get SALT Encoding   

  12  0:01  Probe (Chrono Boost)  
  13  0:11  Probe (Chrono Boost)  
  14  0:18  Pylon  
  14  0:22  Probe (Chrono Boost)  
  15  0:36  Probe (Chrono Boost)  
  16  0:47  Probe (Chrono Boost)  
  17  0:59  Nexus  
  17  1:09  Gateway  
  18  1:11  Probe (Chrono Boost)  
  18  1:18  Assimilator  
  18  1:22  Probe (Chrono Boost)  
  19  1:26  Assimilator  
  19  1:32  Probe (Chrono Boost)  
  20  1:43  Probe (Chrono Boost)  
  21  1:53  Probe (Chrono Boost)  
  22  1:56  Cybernetics Core  
  22  1:59  Pylon  
  22  2:04  Probe (Chrono Boost)  
  23  2:11  Probe (Chrono Boost)  
  23  2:15  Probe (Chrono Boost)  
  25  2:22  Probe (Chrono Boost)  
  26  2:24  Assimilator  
  26  2:26  Probe (Chrono Boost)  
  27  2:32  Probe (Chrono Boost)  
  27  2:33  Stargate  
  28  2:43  Stargate  
  28  2:45  Probe (Chrono Boost)  
  28  2:49  Assimilator  
  29  2:52  Probe (Chrono Boost)  
  29  2:56  Probe (Chrono Boost)  
  31  3:02  Probe (Chrono Boost)  
  32  3:06  Pylon  
  32  3:07  Probe (Chrono Boost)  
  33  3:13  Probe (Chrono Boost)  
  33  3:15  Phoenix  
  33  3:19  Probe (Chrono Boost)  
  37  3:23  Phoenix  
  37  3:24  Probe (Chrono Boost)  
  40  3:31  Probe (Chrono Boost)  
  41  3:37  Phoenix, Probe (Chrono Boost)  
  44  3:43  Probe (Chrono Boost)  
  44  3:44  Phoenix  
  48  3:49  Probe (Chrono Boost)  
  49  3:57  Probe (Chrono Boost)  
  49  4:01  Fleet Beacon  
  49  4:03  Phoenix  
  52  4:10  Probe (Chrono Boost)  
  52  4:12  Pylon  
  52  4:15  Probe (Chrono Boost)  
  53  4:26  Pylon  
  53  4:27  Phoenix, Probe (Chrono Boost)  
  53  4:28  Phoenix  
  57  4:32  Probe (Chrono Boost)  
  60  4:39  Probe (Chrono Boost)  
  60  4:44  Probe (Chrono Boost)  
  61  4:45  Anion Pulse-Crystals  
  61  4:49  Phoenix  
  61  4:52  Probe (Chrono Boost)  
  64  4:54  Phoenix  
  64  4:56  Probe (Chrono Boost)  
  67  5:07  Stargate  
  67  5:10  Phoenix  
  69  5:20  Probe (Chrono Boost)  
  70  5:24  Pylon  
  70  5:27  Pylon  
  70  5:38  Phoenix x2  
  76  5:43  Probe x2 (Chrono Boost)  
  76  5:55  Probe x2 (Chrono Boost)  
  78  6:00  Phoenix x2  
  78  6:01  Nexus  
  82  6:06  Assimilator  
  82  6:08  Probe (Chrono Boost), Assimilator  
  82  6:10  Probe (Chrono Boost)  
  85  6:20  Probe (Chrono Boost)  
  85  6:29  Probe (Chrono Boost)  
  85  6:32  Stargate  
  86  6:50  Pylon  
  86  6:53  Nexus  
  86  7:05  Phoenix x2, Pylon  
  86  7:08  Phoenix  
  86  7:09  Pylon  
  86  7:10  Probe x2 (Chrono Boost)  
  94  7:18  Probe (Chrono Boost)  
  94  7:22  Probe x2 (Chrono Boost)  
  97  7:23  Phoenix  
  97  7:27  Phoenix x2  
  97  7:29  Probe (Chrono Boost)  
  100  7:33  Phoenix  
  100  7:34  Probe x2 (Chrono Boost)  
  108  7:39  Probe (Chrono Boost)  
  109  7:47  Probe (Chrono Boost)  
  109  7:48  Phoenix x2, Probe (Chrono Boost)  
  109  7:50  Phoenix, Probe (Chrono Boost)  
  119  7:58  Phoenix  
  119  8:00  Probe x2 (Chrono Boost)  
  122  8:06  Pylon  
  122  8:07  Pylon  
  122  8:10  Phoenix  
  122  8:12  Phoenix  
  122  8:13  Phoenix  
  122  8:15  Protoss Air Weapons Level 1, Assimilator  
  122  8:17  Assimilator  
  128  8:21  Probe (Chrono Boost)  
  128  8:22  Probe x2 (Chrono Boost)  
  128  8:23  Phoenix  
  128  8:27  Pylon  
  133  8:29  Pylon  
  133  8:32  Phoenix  
  133  8:33  Phoenix  
  133  8:38  Phoenix  
  139  8:43  Probe (Chrono Boost)  
  139  8:46  Pylon  
  139  8:48  Phoenix  
  140  8:50  Pylon  
  140  8:51  Pylon  
  140  8:53  Cybernetics Core, Probe (Chrono Boost)  
  140  8:54  Phoenix, Pylon, Probe (Chrono Boost)  
  144  8:55  Phoenix  
  144  8:57  Probe (Chrono Boost)  
  144  8:58  Probe (Chrono Boost)  
  144  9:01  Phoenix  
  150  9:04  Probe (Chrono Boost)  
  150  9:09  Phoenix  
  153  9:15  Phoenix  
  155  9:17  Phoenix  
  155  9:23  Phoenix  
  159  9:29  Stargate  
  161  9:31  Phoenix  
  161  9:35  Protoss Air Armor Level 1  
  161  9:37  Phoenix  
  163  9:44  Phoenix  
  163  9:45  Phoenix  
  165  9:52  Nexus  
  169  9:53  Phoenix  
  169  9:55  Assimilator  
  169  9:58  Probe (Chrono Boost)  
  169  9:59  Phoenix  
  172  10:00  Assimilator  
  172  10:01  Pylon  
  172  10:04  Pylon  
  172  10:06  Phoenix x2  
  178  10:14  Phoenix  
  178  10:17  Phoenix  
  182  10:22  Phoenix  
  186  10:29  Probe x2 (Chrono Boost)  
  186  10:30  Phoenix  
  186  10:31  Phoenix  
  148  10:56  Phoenix x4  
  130  10:59  Phoenix  
  124  11:17  Phoenix  
  124  11:21  Phoenix x2  
  124  11:23  Phoenix  
Tags
 
Add a new tag
Caveats
  • Supply blocks, unpowered buildings, or Contaminate may cause inaccurate times.
  • Supply counts are checked every 10 seconds.